General information
- name: BNet
- type: Ladder team game (AT/RT)
- host: Battle.net
- saver: LionsAndTigers
map: Cherryville
- players: 8
- length: 29:56
- speed: Fast
- version: 1.26 W3XP
- replay type: Public
» download(162 KB)
Players
team 1 (winner)
Osama-Binladen (
purple | 37 APM | 1121 actions | 29:56)
1 Mountain King
1 Bash
1 Archmage
1 Blizzard
» actions
| Assign group hotkey | 8 | |
| Basic commands | 60 | |
| Build / train | 80 | |
| ESC pressed | 7 | |
| Enter build submenu | 136 | |
| Enter hero's abilities submenu | 2 | |
| Right click | 329 | |
| Select / deselect | 335 | |
| Select group hotkey | 9 | |
| Use ability | 155 | |
1121 total
» units
» upgrades
» buildings
| Altar of Kings | 1 | |
| Farm | 2 | |
| Lumber Mill | 102 | |
| Town Hall | 4 | |
| Keep | 1 | |
| Castle | 1 | |
| Scout Tower | 19 | |
| Guard Tower | 16 | |
146 total
» build order
00:13 Altar of Kings
00:28 Farm
00:56 Farm
04:43 Lumber Mill
04:45 Lumber Mill
04:47 Lumber Mill
04:56 Lumber Mill
04:59 Lumber Mill
05:02 Lumber Mill
05:07 Lumber Mill
05:08 Lumber Mill
05:10 Lumber Mill
05:12 Lumber Mill
05:15 Lumber Mill
06:17 Town Hall
06:21 Lumber Mill
06:23 Lumber Mill
06:24 Lumber Mill
06:26 Lumber Mill
06:27 Lumber Mill
06:57 Lumber Mill
06:59 Lumber Mill
07:04 Lumber Mill
07:55 Lumber Mill
08:02 Lumber Mill
08:05 Lumber Mill
08:09 Town Hall
08:19 Lumber Mill
08:24 Lumber Mill
08:27 Lumber Mill
08:37 Lumber Mill
08:51 Lumber Mill
08:54 Lumber Mill
09:05 Keep
09:07 Lumber Mill
09:11 Lumber Mill
09:14 Lumber Mill
09:25 Lumber Mill
09:27 Lumber Mill
09:31 Lumber Mill
09:34 Lumber Mill
09:39 Lumber Mill
09:48 Lumber Mill
09:49 Lumber Mill
09:56 Lumber Mill
10:05 Lumber Mill
10:10 Lumber Mill
10:13 Lumber Mill
10:18 Lumber Mill
10:21 Lumber Mill
10:25 Lumber Mill
10:32 Lumber Mill
10:48 Lumber Mill
10:58 Lumber Mill
11:01 Lumber Mill
11:04 Lumber Mill
11:10 Lumber Mill
11:13 Lumber Mill
11:16 Lumber Mill
11:26 Castle
12:29 Town Hall
12:50 Lumber Mill
12:52 Lumber Mill
12:53 Lumber Mill
12:55 Lumber Mill
13:06 Scout Tower
13:09 Scout Tower
13:10 Scout Tower
13:12 Scout Tower
13:36 Guard Tower
13:36 Guard Tower
13:41 Guard Tower
13:41 Guard Tower
13:46 Scout Tower
13:56 Scout Tower
13:59 Scout Tower
14:01 Scout Tower
14:03 Scout Tower
14:14 Guard Tower
14:23 Scout Tower
14:26 Guard Tower
14:27 Guard Tower
14:29 Scout Tower
14:30 Guard Tower
14:31 Scout Tower
14:33 Guard Tower
14:39 Scout Tower
14:45 Guard Tower
14:46 Guard Tower
14:47 Scout Tower
14:48 Scout Tower
14:53 Guard Tower
14:53 Guard Tower
14:55 Scout Tower
14:56 Scout Tower
14:59 Lumber Mill
15:01 Lumber Mill
15:22 Lumber Mill
15:27 Lumber Mill
15:30 Lumber Mill
15:33 Guard Tower
15:33 Guard Tower
15:34 Scout Tower
15:36 Scout Tower
15:49 Lumber Mill
15:53 Lumber Mill
15:57 Lumber Mill
16:20 Lumber Mill
16:22 Lumber Mill
16:30 Lumber Mill
16:49 Town Hall
16:57 Lumber Mill
16:59 Lumber Mill
17:01 Lumber Mill
17:02 Lumber Mill
17:08 Lumber Mill
17:13 Lumber Mill
17:15 Lumber Mill
17:17 Lumber Mill
17:25 Lumber Mill
17:26 Lumber Mill
17:40 Lumber Mill
17:47 Lumber Mill
17:48 Lumber Mill
18:01 Lumber Mill
18:05 Lumber Mill
18:10 Lumber Mill
18:20 Lumber Mill
18:22 Lumber Mill
18:28 Lumber Mill
18:30 Lumber Mill
18:35 Lumber Mill
19:00 Lumber Mill
19:31 Lumber Mill
19:35 Guard Tower
19:43 Lumber Mill
20:16 Lumber Mill
20:36 Lumber Mill
20:38 Lumber Mill
20:55 Lumber Mill
20:58 Lumber Mill
21:20 Lumber Mill
21:35 Lumber Mill
22:15 Lumber Mill
22:18 Lumber Mill
22:19 Lumber Mill

»
War)Preacher (
yellow | 74 APM | 418 actions | 05:40)
1 Priestess of the Moon
1 Trueshot Aura
» actions
| Assign group hotkey | 6 | |
| Basic commands | 60 | |
| Build / train | 19 | |
| ESC pressed | 3 | |
| Enter build submenu | 6 | |
| Enter hero's abilities submenu | 1 | |
| Right click | 205 | |
| Select / deselect | 65 | |
| Select group hotkey | 39 | |
| Use ability | 14 | |
418 total
» units
» buildings
| Altar of Elders | 1 | |
| Moon Well | 2 | |
| Ancient of War | 2 | |
5 total
» build order
00:14 Altar of Elders
00:22 Moon Well
01:10 Ancient of War
01:32 Ancient of War
01:50 Moon Well
GODDAMMITTEELO (
teal | 72 APM | 2152 actions | 29:56)
7 Blood Mage
3 Flame Strike
3 Siphon Mana
1 Summon Phoenix
» actions
| Assign group hotkey | 31 | |
| Basic commands | 77 | |
| Build / train | 156 | |
| ESC pressed | 62 | |
| Enter build submenu | 51 | |
| Enter hero's abilities submenu | 7 | |
| Give item / drop item | 2 | |
| Right click | 758 | |
| Select / deselect | 443 | |
| Select group hotkey | 398 | |
| Use ability | 167 | |
2152 total
» units
| Peasant | 26 | |
| Footman | 9 | |
| Sorceress | 2 | |
| Siege Engine | 7 | |
| Knight | 1 | |
| Mortar Team | 2 | |
47 total
» upgrades
| Masonry | 4 | |
| Lumber Harvesting | 2 | |
| Sorceress Training | 2 | |
| Plating | 3 | |
| Magic Sentry | 1 | |
| Barrage | 1 | |
| Gunpowder | 3 | |
| Flare | 1 | |
| Fragmentation Shards | 1 | |
| Armor | 1 | |
19 total
» buildings
| Altar of Kings | 1 | |
| Barracks | 1 | |
| Farm | 6 | |
| Town Hall | 1 | |
| Scout Tower | 24 | |
| Arcane Tower | 2 | |
| Arcane Vault | 1 | |
| Lumber Mill | 1 | |
| Guard Tower | 49 | |
| Keep | 1 | |
| Castle | 2 | |
| Arcane Sanctum | 1 | |
| Gryphon Aviary | 2 | |
| Blacksmith | 1 | |
| Workshop | 2 | |
95 total
» build order
00:04 Altar of Kings
00:09 Barracks
00:12 Farm
01:00 Farm
02:06 Farm
03:15 Town Hall
03:18 Scout Tower
03:47 Arcane Tower
03:47 Arcane Tower
04:42 Arcane Vault
05:07 Lumber Mill
05:22 Scout Tower
05:24 Scout Tower
05:26 Scout Tower
05:33 Scout Tower
05:34 Scout Tower
06:10 Guard Tower
06:11 Guard Tower
06:11 Guard Tower
06:15 Guard Tower
06:15 Guard Tower
06:25 Guard Tower
06:25 Guard Tower
06:25 Guard Tower
06:34 Scout Tower
06:41 Scout Tower
06:44 Scout Tower
06:48 Scout Tower
07:08 Guard Tower
07:08 Guard Tower
07:13 Guard Tower
07:13 Guard Tower
07:14 Guard Tower
07:26 Guard Tower
07:39 Guard Tower
08:08 Scout Tower
08:09 Scout Tower
08:11 Scout Tower
08:12 Scout Tower
08:20 Scout Tower
08:23 Scout Tower
08:37 Scout Tower
08:38 Scout Tower
08:41 Scout Tower
08:43 Scout Tower
08:44 Scout Tower
08:48 Keep
08:53 Guard Tower
09:15 Guard Tower
09:15 Guard Tower
09:24 Guard Tower
09:46 Guard Tower
09:46 Guard Tower
09:46 Guard Tower
09:46 Guard Tower
09:53 Guard Tower
09:56 Guard Tower
09:56 Guard Tower
10:21 Scout Tower
10:22 Scout Tower
10:23 Scout Tower
10:54 Guard Tower
10:54 Guard Tower
10:55 Guard Tower
10:55 Guard Tower
10:58 Guard Tower
10:58 Guard Tower
12:03 Castle
12:23 Arcane Sanctum
12:56 Gryphon Aviary
13:01 Gryphon Aviary
13:23 Blacksmith
15:16 Workshop
15:17 Workshop
17:21 Farm
17:22 Farm
17:23 Farm
» items
| Scroll of Regeneration | 5 | |
| Potion of Invisibility | 2 | |
| Staff of Teleportation | 1 | |
| Lesser Clarity Potion | 3 | |
| Boots of Speed | 1 | |
| Scroll of Town Portal | 2 | |
| Potion of Healing | 1 | |
| Orb of Fire | 1 | |
16 total

»
BaYBizzY (
blue | 30 APM | 97 actions | 03:14)
1 Mountain King
1 Storm Bolt
» actions
| Assign group hotkey | 1 | |
| Build / train | 13 | |
| Enter build submenu | 7 | |
| Enter hero's abilities submenu | 1 | |
| Right click | 9 | |
| Select / deselect | 55 | |
| Select group hotkey | 4 | |
| Use ability | 7 | |
97 total
» units
» buildings
| Barracks | 2 | |
| Altar of Kings | 1 | |
| Farm | 2 | |
| Blacksmith | 1 | |
| Arcane Vault | 1 | |
7 total
» build order
00:08 Barracks
00:28 Altar of Kings
00:47 Farm
01:27 Farm
01:58 Blacksmith
02:22 Barracks
02:55 Arcane Vault
team 2 (loser)

»
Insomnia7 (
red | 39 APM | 869 actions | 22:30)
5 Mountain King
3 Storm Bolt
1 Thunder Clap
1 Bash
» actions
| Assign group hotkey | 11 | |
| Basic commands | 83 | |
| Build / train | 46 | |
| Enter build submenu | 23 | |
| Enter hero's abilities submenu | 5 | |
| Give item / drop item | 1 | |
| Right click | 318 | |
| Select / deselect | 334 | |
| Select group hotkey | 14 | |
| Use ability | 34 | |
869 total
» units
| Peasant | 9 | |
| Footman | 7 | |
| Dragonhawk Rider | 6 | |
| Gryphon Rider | 5 | |
27 total
» upgrades
| Defend | 1 | |
| Lumber Harvesting | 2 | |
| Swords | 2 | |
| Armor | 1 | |
| Cloud | 1 | |
| Storm Hammers | 1 | |
8 total
» buildings
| Farm | 13 | |
| Altar of Kings | 1 | |
| Barracks | 1 | |
| Lumber Mill | 1 | |
| Scout Tower | 1 | |
| Arcane Tower | 1 | |
| Arcane Vault | 1 | |
| Keep | 1 | |
| Blacksmith | 1 | |
| Gryphon Aviary | 2 | |
| Castle | 1 | |
| Town Hall | 1 | |
25 total
» build order
00:10 Farm
00:16 Altar of Kings
00:48 Barracks
01:23 Lumber Mill
01:50 Farm
02:02 Scout Tower
02:29 Farm
02:33 Arcane Tower
02:58 Arcane Vault
03:53 Keep
04:09 Farm
04:51 Blacksmith
06:21 Gryphon Aviary
06:22 Castle
06:27 Gryphon Aviary
07:49 Farm
08:37 Farm
09:22 Farm
10:13 Farm
12:06 Farm
12:50 Farm
13:34 Farm
16:02 Farm
17:32 Farm
19:26 Town Hall
» items
darmbru2 (
green | 48 APM | 1377 actions | 28:23)
3 Archmage
2 Summon Water Elemental
1 Brilliance Aura
1 Mountain King
1 Storm Bolt
» actions
| Assign group hotkey | 37 | |
| Basic commands | 13 | |
| Build / train | 150 | |
| Enter build submenu | 41 | |
| Enter hero's abilities submenu | 4 | |
| Remove unit from queue | 3 | |
| Right click | 569 | |
| Select / deselect | 460 | |
| Select group hotkey | 40 | |
| Use ability | 60 | |
1377 total
» units
| Peasant | 59 | |
| Rifleman | 15 | |
| Flying Machine | 46 | |
| Siege Engine | 4 | |
| Mortar Team | 3 | |
127 total
» upgrades
| Gunpowder | 1 | |
| Long Rifles | 1 | |
| Flak Cannons | 1 | |
| Flying Machine Bombs | 1 | |
| Fragmentation Shards | 1 | |
5 total
» buildings
| Altar of Kings | 1 | |
| Farm | 17 | |
| Barracks | 3 | |
| Blacksmith | 1 | |
| Keep | 5 | |
| Town Hall | 4 | |
| Workshop | 2 | |
| Castle | 1 | |
| Lumber Mill | 1 | |
35 total
» build order
00:51 Altar of Kings
00:53 Farm
01:40 Farm
01:48 Barracks
01:53 Blacksmith
02:23 Farm
03:12 Farm
04:11 Farm
04:40 Keep
04:41 Keep
04:41 Keep
04:41 Keep
05:50 Town Hall
05:54 Town Hall
07:32 Workshop
08:04 Workshop
08:48 Castle
08:51 Lumber Mill
09:24 Farm
09:25 Farm
09:26 Farm
09:28 Farm
09:31 Farm
09:52 Farm
09:54 Farm
09:54 Farm
10:07 Farm
10:09 Farm
10:11 Farm
10:39 Farm
11:53 Town Hall
24:23 Keep
24:24 Barracks
24:27 Barracks
26:13 Town Hall
AFK_5_MIN_PISS (
pink | 48 APM | 940 actions | 19:38)
3 Blood Mage
2 Flame Strike
1 Siphon Mana
» actions
| Assign group hotkey | 92 | |
| Basic commands | 79 | |
| Build / train | 67 | |
| ESC pressed | 3 | |
| Enter build submenu | 32 | |
| Enter hero's abilities submenu | 3 | |
| Right click | 203 | |
| Select / deselect | 169 | |
| Select group hotkey | 215 | |
| Use ability | 77 | |
940 total
» units
» upgrades
| Masonry | 2 | |
| Lumber Harvesting | 1 | |
3 total
» buildings
| Altar of Kings | 1 | |
| Farm | 8 | |
| Barracks | 1 | |
| Lumber Mill | 1 | |
| Arcane Vault | 1 | |
| Scout Tower | 20 | |
| Guard Tower | 13 | |
| Town Hall | 2 | |
| Keep | 5 | |
| Blacksmith | 1 | |
| Gryphon Aviary | 2 | |
| Castle | 2 | |
57 total
» build order
00:31 Altar of Kings
00:49 Farm
00:59 Barracks
01:14 Farm
01:42 Lumber Mill
01:49 Arcane Vault
02:03 Scout Tower
02:21 Scout Tower
03:00 Guard Tower
03:06 Farm
03:30 Farm
04:12 Town Hall
04:14 Scout Tower
04:15 Scout Tower
04:15 Scout Tower
04:16 Scout Tower
04:49 Guard Tower
05:36 Guard Tower
06:10 Guard Tower
06:25 Keep
06:25 Keep
06:25 Keep
07:35 Keep
07:50 Town Hall
07:51 Scout Tower
07:52 Scout Tower
07:53 Scout Tower
07:53 Scout Tower
07:54 Scout Tower
07:55 Scout Tower
08:22 Guard Tower
08:32 Blacksmith
09:25 Farm
09:27 Farm
09:29 Farm
09:33 Farm
09:41 Gryphon Aviary
09:56 Guard Tower
10:14 Guard Tower
11:08 Castle
11:10 Gryphon Aviary
11:47 Guard Tower
12:05 Scout Tower
12:07 Scout Tower
12:08 Scout Tower
12:10 Scout Tower
12:39 Guard Tower
12:42 Castle
12:50 Scout Tower
12:51 Scout Tower
13:00 Scout Tower
13:00 Scout Tower
13:03 Guard Tower
13:03 Guard Tower
13:32 Guard Tower
14:09 Keep
» items
| Scroll of Regeneration | 2 | |
| Lesser Clarity Potion | 5 | |
| Potion of Healing | 1 | |
| Potion of Mana | 1 | |
9 total
LionsAndTigers (
orange | 69 APM | 2052 actions | 29:56)
5 Blademaster
3 Wind Walk
2 Critical Strike
» actions
| Assign group hotkey | 395 | |
| Basic commands | 236 | |
| Build / train | 55 | |
| Enter build submenu | 34 | |
| Enter hero's abilities submenu | 5 | |
| Give item / drop item | 3 | |
| Remove unit from queue | 2 | |
| Right click | 679 | |
| Select / deselect | 255 | |
| Select group hotkey | 319 | |
| Use ability | 69 | |
2052 total
» units
| Peon | 12 | |
| Grunt | 4 | |
| Goblin Shredder | 1 | |
| Wind Rider | 9 | |
| Goblin Sapper | 4 | |
30 total
» upgrades
| Ranged Weapons | 3 | |
| Armor | 3 | |
| Envenomed Spears | 1 | |
| Reinforced Defenses | 1 | |
8 total
» buildings
| Orc Burrow | 7 | |
| Altar of Storms | 1 | |
| Barracks | 1 | |
| Voodoo Lounge | 1 | |
| Stronghold | 1 | |
| War Mill | 1 | |
| Great Hall | 2 | |
| Beastiary | 5 | |
| Watch Tower | 22 | |
| Fortress | 1 | |
42 total
» build order
00:16 Orc Burrow
00:50 Altar of Storms
01:14 Barracks
01:22 Orc Burrow
01:55 Voodoo Lounge
02:56 Stronghold
04:26 War Mill
04:28 Orc Burrow
05:05 Great Hall
06:29 Beastiary
06:32 Beastiary
07:14 Beastiary
08:24 Watch Tower
08:24 Watch Tower
09:43 Watch Tower
09:44 Watch Tower
09:58 Watch Tower
09:59 Watch Tower
09:59 Watch Tower
11:24 Fortress
12:16 Orc Burrow
12:17 Orc Burrow
12:21 Orc Burrow
15:51 Great Hall
16:18 Watch Tower
16:18 Watch Tower
16:19 Watch Tower
16:20 Watch Tower
16:21 Watch Tower
16:21 Watch Tower
16:22 Watch Tower
16:22 Watch Tower
16:23 Watch Tower
16:24 Watch Tower
16:24 Watch Tower
16:28 Orc Burrow
16:31 Watch Tower
16:31 Watch Tower
18:08 Beastiary
18:11 Beastiary
18:57 Watch Tower
18:58 Watch Tower
» items
| Healing Salve | 3 | |
| Boots of Speed | 1 | |
| Staff of Teleportation | 1 | |
5 total
Chat log
(00:08 / All) AFK_5_MIN_PISS: HEY EVERYONE
(00:14 / All) AFK_5_MIN_PISS: I NEED TO BRB FOR FIVE MIN, GOTTA TAKE A PISS
(00:16 / All) AFK_5_MIN_PISS: K???
(00:18 / 10) GODDAMMITTEELO: yellow is Teelo
(00:21 / All) AFK_5_MIN_PISS: KK TY ALL
(00:31 / 7) LionsAndTigers: pink isn't jake?
(00:36 / All) Osama-Binladen: anyway i tk yellow
(00:37 / 10) GODDAMMITTEELO: no, teelo
(00:42 / 7) LionsAndTigers: who is yellow
(00:46 / 10) GODDAMMITTEELO: the one talking about pissing
(00:49 / All) War)Preacher: ok obama bin laden
(01:01 / 7) LionsAndTigers: you mean teelo is pink
(01:07 / All) Osama-Binladen: as soon as my hero come out
(01:08 / 7) LionsAndTigers: did jake tell you two to play without him?
(01:12 / All) War)Preacher: good
(01:12 / All) Osama-Binladen: i take yellow down
(01:16 / 10) GODDAMMITTEELO: yes, whoever is being AFK5MINPISS
(01:16 / All) Osama-Binladen: with mass militias
(01:34 / 7) LionsAndTigers: he is top left our side
(01:39 / 7) LionsAndTigers: tell your team to hit top if they hit
(01:40 / All) Osama-Binladen: the most important is manners
(01:40 / 10) GODDAMMITTEELO: I'm bot left outside
(01:43 / 7) LionsAndTigers: i'm bottom oputside
(01:44 / All) Osama-Binladen: not win
(01:48 / 10) GODDAMMITTEELO: I always get fucking outside on this map
(01:59 / All) Osama-Binladen: i rape that yellow son of bitch soon
(02:07 / All) Osama-Binladen: 10
(02:08 / All) AFK_5_MIN_PISS: what did yellow do?
(02:09 / All) Osama-Binladen: 9
(02:10 / All) Osama-Binladen: 8
(02:11 / All) Osama-Binladen: 7
(02:13 / All) Osama-Binladen: 6
(02:15 / All) Osama-Binladen: 5
(02:25 / 7) LionsAndTigers: purple bsing?
(02:26 / All) darmbru2: necessary?
(02:31 / 10) GODDAMMITTEELO: yes
(02:59 / All) Osama-Binladen: i win
(03:32 / All) Osama-Binladen: yellow next time have manners
(03:37 / All) darmbru2: gg
(03:38 / All) War)Preacher: u mad
(03:39 / All) Osama-Binladen: u have to wait even 50 minutes
(03:40 / All) War)Preacher: bro?
(03:43 / All) GODDAMMITTEELO: Not over yet faggot
(03:45 / All) GODDAMMITTEELO: Kill yourself.
(03:49 / All) AFK_5_MIN_PISS: hey purp
(03:54 / All) AFK_5_MIN_PISS: did you notice my username
(04:00 / All) AFK_5_MIN_PISS: the whole brb thing was a joke/troll
(04:02 / All) Osama-Binladen: yeah bro
(04:08 / All) Osama-Binladen: i think u r my kind of person
(04:19 / All) AFK_5_MIN_PISS: kk thought so
(04:20 / All) AFK_5_MIN_PISS: <3
(04:25 / All) Osama-Binladen: not want to play normal
(04:28 / 10) GODDAMMITTEELO: I got river expo
(04:30 / All) Osama-Binladen: excatly what i want
(04:32 / All) War)Preacher: lol purp u remember me like this fat meme
(04:34 / All) War)Preacher: lol
(04:53 / All) War)Preacher: this nerdy fat meme
(04:54 / All) War)Preacher: Lol
(05:06 / All) War)Preacher: i guess u r that fat guy
(05:38 / All) War)Preacher: another game
(05:51 / 10) GODDAMMITTEELO: whole team of faggots
(06:08 / All) darmbru2: Gg
(06:52 / 7) LionsAndTigers: is purple still bsing
(06:58 / 10) GODDAMMITTEELO: no
(07:54 / 10) GODDAMMITTEELO: teelo is teching to gryphon he says
(09:02 / Allies) darmbru2: i'm going copter
(09:07 / Allies) darmbru2: soi no worries
(09:38 / 10) GODDAMMITTEELO: purp is massing lumber mills with blue
(10:26 / 10) GODDAMMITTEELO: what?
(10:51 / Allies) Insomnia7: k
(12:08 / 7) LionsAndTigers: lol
(12:35 / 10) GODDAMMITTEELO: green lost every peon in his base to a choke
(13:56 / All) GODDAMMITTEELO: lol
(14:13 / 7) LionsAndTigers: get some tanks
(14:51 / 7) LionsAndTigers: teelo rage quitting?
(15:01 / 10) GODDAMMITTEELO: nope
(15:04 / 7) LionsAndTigers: green is mid expo
(15:20 / Allies) darmbru2: wtf pink
(15:29 / Allies) Insomnia7: he is enem
(15:31 / Allies) Insomnia7: y
(15:32 / Allies) darmbru2: now you die
(16:58 / Allies) LionsAndTigers: nice flamestrike
(17:10 / Allies) AFK_5_MIN_PISS: what did I do to you
(17:26 / Allies) Insomnia7: you bser
(17:28 / Allies) LionsAndTigers: remove the pollution that is your presence from my battlenet
(17:35 / Allies) AFK_5_MIN_PISS: you stabbed me first
(17:54 / 7) LionsAndTigers: don't get air
(17:56 / 7) LionsAndTigers: get tank
(19:36 / Allies) AFK_5_MIN_PISS: So Turncoat. I see you are very butthurt that I blocked you. You really are stupid :)
(19:45 / Allies) LionsAndTigers: lol
(19:48 / All) LionsAndTigers: lol
(19:51 / Allies) Insomnia7: nice oj
(20:01 / All) darmbru2: gg
(20:11 / All) GODDAMMITTEELO: I told you it wasn't over faggot
(20:13 / All) GODDAMMITTEELO: You didn't believe me
(20:17 / All) GODDAMMITTEELO: I soloed you with 1 hero green
(20:17 / All) darmbru2: ...
(20:19 / All) GODDAMMITTEELO: killed every last worker
(20:27 / All) GODDAMMITTEELO: You are a shit-for-brains 30 APM skillless clown
(20:28 / All) darmbru2: because i didn't give a fuck
(20:30 / All) darmbru2: it was over
(20:36 / All) GODDAMMITTEELO: LOL okay buddy
(20:41 / All) GODDAMMITTEELO: "i didn't try man"
(20:45 / All) GODDAMMITTEELO: I hear that all the time
(20:49 / Allies) darmbru2: it was 3 v 1
(20:50 / 7) LionsAndTigers: he left a message for me
(20:52 / 7) LionsAndTigers: he knows it's me
(20:56 / All) darmbru2: It was 3 v1
(21:01 / 10) GODDAMMITTEELO: How?
(21:08 / 7) LionsAndTigers: he said so turncoat blah blah butt hurt about blocking you blah blah you rea lly are stupid
(21:13 / 10) GODDAMMITTEELO: guess we have to make the alert early
(21:14 / 7) LionsAndTigers: i had to show my and
(21:15 / 7) LionsAndTigers: had
(21:17 / 7) LionsAndTigers: hand
(21:25 / 7) LionsAndTigers: try to get in another game lawl
(21:30 / 7) LionsAndTigers: see if he implciates you
(21:58 / 7) LionsAndTigers: get the expo up north your side
(22:31 / 7) LionsAndTigers: it's too bad purple is a faggot
(23:19 / All) GODDAMMITTEELO: tanks surrounding tanks
(23:20 / All) GODDAMMITTEELO: pro
(23:35 / Allies) darmbru2: oj?
(23:47 / All) LionsAndTigers: he gave control to try to trick me lol
(24:52 / 7) LionsAndTigers: i was gonna kill a hall with that
(24:56 / 10) GODDAMMITTEELO: my bad
(25:09 / All) LionsAndTigers: leave green you have lost
(25:10 / Allies) darmbru2: oj
(25:14 / All) GODDAMMITTEELO: heavy armour takes extra damage from magic green
(25:19 / All) LionsAndTigers: I double crossed you
(25:19 / All) GODDAMMITTEELO: gryos have heavy armour
(25:21 / All) GODDAMMITTEELO: phoenix has magic
(25:22 / 7) LionsAndTigers: I
(25:27 / All) LionsAndTigers: I told you the truth about pink
(25:38 / All) LionsAndTigers: But what I didn't reveal is that he is a cub and I am the tiger
(25:39 / Allies) darmbru2: this is bizarre
(25:58 / All) Osama-Binladen: Oj u own this game
(26:03 / All) Osama-Binladen: oj u deserver to win
(26:09 / All) Osama-Binladen: kill teal and get a win
(26:18 / All) LionsAndTigers: He is my comrade
(26:33 / All) Osama-Binladen: so y guys gay?
(26:49 / All) LionsAndTigers: Please don't share your fantasies, I don't wish to hear them
(27:04 / 7) LionsAndTigers: I think he figured it out because I have a "clever" shit talk with him
(27:07 / All) Osama-Binladen: oj u ruin my strategy
(27:14 / All) Osama-Binladen: i wanna lose
(27:17 / All) Osama-Binladen: not win
(27:56 / All) LionsAndTigers: Leave green, for you have lost
(28:08 / All) LionsAndTigers: save your dignity and take an exit before I rape you
(28:13 / 10) GODDAMMITTEELO: Should I upload the "Teelo fooled and raped" game after this?
(28:15 / All) Osama-Binladen: ok then i win
(28:17 / All) LionsAndTigers: Too bad
(28:19 / All) darmbru2: you talk like a fuck...
(28:25 / All) LionsAndTigers: Now you'll leave a loser in every way
(28:27 / All) Osama-Binladen: i grab my win
(28:37 / All) LionsAndTigers: Who shall lose?
(28:40 / All) LionsAndTigers: Let us stats these people
(28:45 / All) GODDAMMITTEELO: Purple is 19-14
(28:51 / All) GODDAMMITTEELO: Yellow is 25-13
(28:55 / All) Osama-Binladen: yeah i am pretty good
(29:03 / All) GODDAMMITTEELO: Blue is 0-0
(29:03 / All) LionsAndTigers: red 8-3
(29:11 / All) LionsAndTigers: 9-5 green
(29:26 / All) GODDAMMITTEELO: My team has a fuckton of lumber mills, would take longer to give it the loss
(29:30 / All) LionsAndTigers: yellow has a good record
(29:42 / All) LionsAndTigers: but I think green adn red grabbing is a loss is better
(29:48 / All) LionsAndTigers: purple doesn't matter